 Dungeon Crawl Stone Soup version 0.32-a0-861-g165e151e72 (webtiles) character file.

Game seed: 9108549570244628765

891 Ajdolov the Frost Mage (level 8, -9/57 HPs)
             Began as a Ghoul Ice Elementalist on Mar 28, 2024.
             Mangled by a wight
             ... wielding a +1 scimitar
              (11 damage)
             ... on level 5 of the Dungeon.
             The game lasted 00:08:28 (5269 turns).

Ajdolov the Frost Mage (Ghoul Ice Elementalist)     Turns: 5269, Time: 00:08:28

Health: -9/57      AC:  3    Str: 12    XL:     8   Next: 6%
Magic:  14/14      EV: 11    Int: 16    God:
Gold:   195        SH:  0    Dex:  9    Spells: 6/16 levels left

rFire   . . .        o - +2 short sword (venom)
rCold   + . .        (no shield)
rNeg    + + +        a - +0 robe
rPois   ∞            (no helmet)
rElec   .            (no cloak)
rCorr   .            (no gloves)
SInv    .            b - +0 pair of boots
Will    +....        (no amulet)
Stlth   ++           g - ring of willpower
HPRegen 0.00/turn    (no ring)
MPRegen 0.14/turn

%: no passive effects
@: inhibited regen
A: claws 1, cold resistance 1, negative energy resistance 3, inhibited
regeneration, torment resistance 2, devour on kill
a: no special abilities


You were on level 5 of the Dungeon.
You visited 1 branch of the dungeon, and saw 5 of its levels.

You collected 195 gold pieces.

Inventory:

Hand Weapons
 o - a +2 short sword of venom (weapon)
Armour
 a - a +0 robe (worn)
 b - a +0 pair of boots (worn)
Magical Staves
 r - a staff of alchemy
 s - a staff of conjuration
Jewellery
 g - a ring of willpower (left claw)
Wands
 u - a wand of charming (6)
Scrolls
 c - 2 scrolls of noise
 d - 2 scrolls of fear
 i - 2 scrolls of enchant weapon
 l - a scroll of poison
 v - a scroll of vulnerability
Potions
 e - a potion of enlightenment {unknown}
 h - a potion of lignification {unknown}
 m - 3 potions of curing {unknown}
 p - a potion of heal wounds {unknown}
 q - a potion of resistance {unknown}
 t - a potion of brilliance {unknown}
 w - a potion of degeneration {unknown}


   Skills:
 - Level 1.7 Dodging
 - Level 2.1 Stealth
 + Level 4.5 Spellcasting
 * Level 9.1 Ice Magic


You had 6 spell levels left.
You knew the following spells:

 Your Spells              Type           Power      Damage    Failure   Level
a - Freeze                Ice            100%       1d10      1%          1
b - Frozen Ramparts       Ice            64%        1d10      1%          3
c - Ozocubu's Armour      Ice            32%        N/A       1%          3
d - Summon Ice Beast      Ice/Summ       18%        N/A       8%          3

Your spell library contained the following spells:

 Spells                   Type           Power      Damage    Failure   Level
 Magic Dart               Conj           12%        1d3       16%         1
 Sting                    Conj/Alch      12%        1d3       16%         1
 Lesser Beckoning         Tloc           6%         N/A       24%         2
 Mercury Vapours          Alch/Air       6%         N/A       24%         2
 Searing Ray              Conj           6%         2d4       24%         2
 Teleport Other           Tloc           3%         N/A       43%         3
 Tukima's Dance           Hex            3%         N/A       43%         3
 Metabolic Englaciation   Hex/Ice        9%         N/A       56%         5
 Fulminant Prism          Conj/Alch      1%         3d5       85%         4
 Maxwell's Portable Pile  Tloc           3%         2d(5-10)  85%         4
 Olgreb's Toxic Radiance  Alch           3%         N/A       85%         4
 Passage of Golubria      Tloc           3%         N/A       85%         4
 Yara's Violent Unravell  Hex/Alch       1%         3d3       99%         5


Dungeon Overview and Level Annotations

Branches:
Dungeon (5/15)
 Temple: D:4-7

Altars:
Uskayaw
Wu Jian


Innate Abilities, Weirdness & Mutations

You are immune to poison.
You have sharp fingernails.
Your flesh is cold resistant. (rC+)
You are immune to negative energy. (rN+++)
You do not regenerate when monsters are visible.
You are immune to unholy pain and torment.
You thrive by killing the living.


Message History

A film of ice covers your body! The wight hits you with a +1 scimitar.
Casting: Ozocubu's Armour (safe; 1% risk of failure)
Confirm with . or Enter, or press ? or * to list all spells.
Casting: Frozen Ramparts (safe; 1% risk of failure)
Press: ? - help, Dir - look around, f - activate The walls around you are covered in ice.
The wight completely resists.
The wall freezes the wight but does no damage.
The wight completely resists.
The wall freezes the wight but does no damage.
The wight hits you with a +1 scimitar!
* * * LOW HITPOINT WARNING * * *
You hit the wight but do no damage.
The wight resists.
The wall freezes the wight.
The wall freezes the wight but does no damage.
The wight hits you with a +1 scimitar.
* * * LOW HITPOINT WARNING * * *
Unknown command.
Blink to where?
Press: ? - help, Dir - move target Your icy armour cracks and falls away as you move.
The frozen ramparts melt away as you move.
As you read the scroll of blinking, it crumbles to dust.
The wight attacks as it pursues you! The wight closely misses you.
Blink to where?
Press: ? - help, Dir - move target
As you read the scroll of blinking, it crumbles to dust.
You see here a +2 whip of venom.
A gnoll comes into view. It is wielding a +0 spear.
Found a book of the Warp.
There is an open door here.
You close the door.
A wight breaks down the door.
There is an open door here.
The wight attacks as it pursues you! The wight hits you with a +1 scimitar!
* * * LOW HITPOINT WARNING * * *
The wight attacks as it pursues you! The wight barely misses you.
Okay, then.
Unknown command.
The wight attacks as it pursues you! The wight hits you with a +1 scimitar!
You die...

***** *********
*,,,******,,,,,..#
,,*,,,,,,,,****#<#
*,,,*,,,**** #.#
****,,,,,* #.# *
**,,>** #.# * **,**
#.# * *,* #.# *,*
#@#### ##+## #z...#
##...## #....#
##.....## ##...#
##..[....## ##.#.###
##.........####......#
,+.........z.z.....#.#
*#.........####....#.#
##.......## #..#.#.#


You could see a wight.

Vanquished Creatures
  Sigmund (D:2)
  A black bear (D:5)
  An ogre (D:4)
  A phantom (D:4)
  A scorpion (D:5)
  A sleepcap (D:5)
  Jessica (D:2)
  2 iguanas (D:4)
  Natasha (thrice) (D:4)
  Terence (D:2)
  3 gnolls (D:5)
  8 adders
  3 dart slugs
  A ribbon worm (D:2)
  2 orcs (D:4)
  3 bats
  6 endoplasms
  3 giant cockroaches
  8 goblins
  10 hobgoblins
  3 jackals (D:5)
  7 kobolds
  2 quokkas
  5 ball pythons
  2 frilled lizards
  10 rats
89 creatures vanquished.

Vanquished Creatures (collateral kills)
  3 gnolls (D:5)
3 creatures vanquished.

Grand Total: 92 creatures vanquished

Notes
Turn   | Place    | Note
-------+----------+-------------------------------------------
     0 | D:1      | Ajdolov the Ghoul Ice Elementalist began the quest for the
                  | Orb.
     0 | D:1      | Reached XP level 1. HP: 14/14 MP: 3/3
   235 | D:1      | Reached XP level 2. HP: 20/20 MP: 3/5
   590 | D:1      | Found a faded altar of an unknown god.
   707 | D:1      | Reached skill level 5 in Ice Magic
   807 | D:1      | Reached XP level 3. HP: 26/26 MP: 2/6
  1235 | D:1      | Learned a level 3 spell: Frozen Ramparts
  1407 | D:2      | Noticed Sigmund
  1428 | D:2      | Killed Sigmund
  1429 | D:2      | Reached skill level 6 in Ice Magic
  1429 | D:2      | Reached XP level 4. HP: 7/33 MP: 4/8
  1429 | D:2      | Reached XP level 5. HP: 8/38 MP: 4/9
  1850 | D:2      | Noticed Jessica
  1856 | D:2      | Killed Jessica
  1857 | D:2      | Reached XP level 6. HP: 45/45 MP: 6/10
  1910 | D:2      | Noticed Terence
  1916 | D:2      | Killed Terence
  1917 | D:2      | Reached skill level 7 in Ice Magic
  2289 | D:2      | Learned a level 3 spell: Ozocubu's Armour
  3362 | D:4      | Reached XP level 7. HP: 15/50 MP: 2/12
  3531 | D:4      | Learned a level 3 spell: Summon Ice Beast
  3557 | D:4      | Reached skill level 8 in Ice Magic
  3830 | D:4      | Noticed Natasha
  3840 | D:4      | Killed Natasha
  4064 | D:4      | Identified the +5 sling of Ascent {flame, +Blink rCorr
                  | Str+2 Int-5}
  4169 | D:4      | Noticed Natasha
  4178 | D:4      | Killed Natasha
  4221 | D:4      | Found an ornate altar of the Wu Jian Council.
  4305 | D:4      | Found a hide-covered altar of Uskayaw.
  4663 | D:5      | Entered Level 5 of the Dungeon
  4805 | D:4      | Noticed Natasha
  4812 | D:4      | Killed Natasha
  4991 | D:5      | Reached skill level 9 in Ice Magic
  4991 | D:5      | Reached XP level 8. HP: 39/57 MP: 4/14
  5261 | D:5      | HP: 2/57 [wight/+1 scimitar (7)]
  5269 | D:5      | Mangled by a wight

Illustrated notes

Levels and vault maps discovered:
D:1:      dpeg_arrival_tiny_j, layout_basic,
          dreamdust_ecumenical_altar_hidden_monk_grotto
D:2:      layout_loops_ring, minmay_domino_2, uniq_jessica, uniq_terence,
          uniq_sigmund
D:3:      layout_basic
D:4:      layout_basic, nicolae_wu_jian_glorious_leap,
          mainiacjoe_overflow_alcove_4, nicolae_half_adder, uniq_natasha
D:5:      layout_loops_corners, grunt_dithmenos_shadows, nicolae_eternal_life

Skill      XL: |  1  2  3  4  5  6  7 |
---------------+----------------------+-----
Spellcasting   | 2 3 4 |  4.5
Ice Magic      | 5 6 7 9 |  9.1
Dodging        | |  1.7
Stealth        | |  2.1

Action                     |  1- 3 |  4- 6 |  7- 9 || total
---------------------------+-------+-------+-------++-------
  Melee: Unarmed           |     4 |       |       ||     4
         Short sword       |     4 |    42 |    78 ||   124
   Cast: Freeze            |    45 |    21 |     3 ||    69
         Frozen Ramparts   |     2 |     7 |    11 ||    20
         Ozocubu's Armour  |       |     1 |     3 ||     4
         Summon Ice Beast  |       |       |     6 ||     6
    Use: Potion            |     1 |       |       ||     1
         Scroll            |       |       |     9 ||     9
   Stab: Sleeping          |       |     1 |       ||     1
         Distracted        |       |       |     1 ||     1
 Armour: Robe              |    30 |    29 |    75 ||   134
  Dodge: Dodged            |    29 |    26 |    37 ||    92

Table legend: (Time is in decaauts)
 A = Elapsed time spent in this place.
 B = Non-inter-level travel time spent in this place.
 C = Inter-level travel time spent in this place.
 D = Time resting spent in this place.
 E = Time spent auto-exploring this place.
 F = Levels seen in this place.
 G = Mean time per level.
                   A        B        C        D        E       F      G
               +--------+--------+--------+--------+--------+-----+--------+
         Total |   5266 |   4974 |    292 |    240 |   3909 |   5 | 1053.2 |
       Dungeon |   5266 |   4974 |    292 |    240 |   3909 |   5 | 1053.2 |
               +--------+--------+--------+--------+--------+-----+--------+

Top non-repeatable levels by time:
     D:4: 1555 daAuts
     D:1: 1235 daAuts
     D:2: 1053 daAuts
     D:3: 886 daAuts
     D:5: 536 daAuts
